[Event "WJCC U20 Open 2019"]
[Site "New Delhi"]
[Date "2019.10.24"]
[Round "10.44"]
[White "Swarnavo Choudhury"]
[Black "De Silva, L M S T"]
[Result "1/2-1/2"]
[ECO "C96"]
[WhiteElo "1797"]
[BlackElo "1879"]
[Annotator "NA RC"]
[PlyCount "59"]
[EventDate "2019.10.15"]
[EventType "swiss"]
[EventCountry "IND"]
[SourceTitle "playchess.com"]
[Source "ChessBase"]
[SourceQuality "1"]
[TimeControl "40/5400+30:1800+30"]

1. e4 e5 2. Nf3 Nc6 3. Bb5 a6 4. Ba4 Nf6 5. O-O Be7 6. Re1 b5 7. Bb3 d6 8. c3 O-O 9. h3 Na5 10. Bc2 c5 11. d4 Nd7 12. Nbd2 exd4 13. cxd4 Nc6 14. d5 Nce5 15. Nxe5 {[%emt 0:02:42] C96: Closed Ruy Lopez: Chigorin Defence: 11 d4, replies other than 11...Qc7} (15. a4 Rb8 16. Nxe5 Nxe5 17. f4 Ng6 18. Nf3 Bh4 19. Rf1 Bg3 20. f5 Ne5 21. Ng5 h6 22. f6 gxf6 {0-1 (43) Firouzja,A (2682)-Martinez Alcantara,J (2583) chess.com INT 2019}) 15... Nxe5 16. f4 Ng6 17. Nf3 Bh4 18. Nxh4 Qxh4 19. f5 Ne5 20. Rf1 Re8 21. Bf4 a5 22. Qc1 $146 ({Predecessor:} 22. Rf2 a4 {0-1 (40) Elman,C (2042)-Della Morte,G (2374) Buenos Aires 2018}) 22... h6 $11 23. Kh2 Ba6 24. g3 Qf6 25. g4 Qh4 26. Bg3 Qf6 27. Bf4 Qh4 28. Bg3 Qf6 29. Bf4 Qh4 30. Bg3 1/2-1/2

[Event "WJCC U20 Open 2019"]
[Site "New Delhi"]
[Date "2019.10.24"]
[Round "10.45"]
[White "Sivathanujan, S."]
[Black "Dahanayake, Isara Banidu"]
[Result "1/2-1/2"]
[ECO "B50"]
[WhiteElo "1766"]
[BlackElo "1771"]
[Annotator "NA RC"]
[PlyCount "57"]
[EventDate "2019.10.15"]
[EventType "swiss"]
[EventCountry "IND"]
[SourceTitle "playchess.com"]
[Source "ChessBase"]
[SourceQuality "1"]
[TimeControl "40/5400+30:1800+30"]

1. e4 c5 2. Nf3 d6 3. c3 Nf6 4. Bc4 Nc6 5. d3 g6 6. O-O Bg7 7. Bb3 O-O 8. h3 e5 9. a4 h6 10. Nbd2 d5 11. Re1 b6 12. Nh2 Be6 13. Ng4 Nxg4 14. hxg4 Qd7 15. f3 Rad8 16. Qe2 Kh7 17. Nf1 f5 18. gxf5 gxf5 19. exf5 Bxf5 20. Ng3 Bg6 21. Bc2 Kh8 22. Kf2 Qg4 23. Rh1 Kh7 24. Bd2 Rde8 25. Rh3 e4 26. dxe4 dxe4 27. Nxe4 Bxe4 28. Kg1 Bxc2 29. Qe4+ {[%emt 0:00:44] Re7 Qxe7 Qxh3 Qxf8 Qxg2+ Kxg2 Bxf8 Re1 Bxa4 Re8 Bg7 Rc8} 1/2-1/2

[Event "WJCC U20 Open 2019"]
[Site "New Delhi"]
[Date "2019.10.25"]
[Round "11.4"]
[White "Kuybokarov, Temur"]
[Black "Wang, Shixu B"]
[Result "1/2-1/2"]
[ECO "D37"]
[WhiteElo "2501"]
[BlackElo "2370"]
[Annotator "ChessBase"]
[PlyCount "192"]
[EventDate "2019.10.15"]
[EventType "swiss"]
[EventCountry "IND"]
[SourceTitle "playchess.com"]
[Source "ChessBase"]
[SourceQuality "1"]
[TimeControl "40/5400+30:1800+30"]

1. d4 Nf6 2. Nf3 d5 3. c4 e6 4. Nc3 Be7 5. Bf4 O-O 6. e3 b6 7. Be2 Bb7 8. O-O Nbd7 9. cxd5 Nxd5 10. Nxd5 exd5 11. Rc1 c5 12. b3 Rc8 13. Bd3 g6 14. h3 Bf6 15. Qe2 Re8 16. Ba6 Bxa6 17. Qxa6 Qe7 18. Rfd1 Qe6 19. Qxa7 Ra8 20. Qb7 Rxa2 21. dxc5 Nxc5 22. Qxd5 Rb2 23. Qxe6 Rxe6 24. Nd4 Re8 25. Nb5 Be5 26. Nc7 Bxc7 27. Bxc7 Nxb3 28. Rb1 Rxb1 29. Rxb1 Nd2 30. Rxb6 Rc8 31. Rb7 Ne4 32. f3 Nc5 33. Ra7 Re8 34. e4 Kg7 35. Ra5 Nd3 36. Rd5 Rc8 37. Bd6 Rc1+ 38. Kh2 Rc3 39. Kg3 Kf6 40. Bf8 Rc8 41. Rd6+ Ke5 42. Rd5+ Kf6 43. Rd6+ Ke5 44. Be7 Rc7 45. Rd5+ Ke6 46. Bd6 Rc3 47. Bb8 Rb3 48. Bc7 h5 49. h4 Rc3 50. Bb8 Rb3 51. Ba7 f5 52. Rd8 Ke7 53. Rd4 f4+ 54. Kh2 Ne5 55. Bc5+ Kf7 56. Rd5 Nd3 57. Bd4 Ke7 58. e5 Nc1 59. Rd6 Ne2 60. Bf2 Rb5 61. Rxg6 Rxe5 62. Rc6 Kd7 63. Rh6 Rd5 64. Ba7 Rb5 65. Rh8 Ke7 66. Bb8 Kf7 67. Bc7 Rc5 68. Bd6 Rd5 69. Rf8+ Kg6 70. Bb8 Rd4 71. Be5 Rc4 72. Rf6+ Kh7 73. Re6 Ng3 74. Kh3 Ne2 75. Kh2 Rc2 76. Bd6 Nd4 77. Re7+ Kg6 78. Bxf4 Nxf3+ 79. Kg3 Nd4 80. Kh3 Nf5 81. Re6+ Kf7 82. Ra6 Rc3+ 83. g3 Rc5 84. Kg2 Rc2+ 85. Kf3 Rc3+ 86. Kg2 Rc2+ 87. Kh3 Rc5 88. Ra3 Rc2 89. g4 hxg4+ 90. Kxg4 Ng7 91. h5 Ne6 92. Be5 Rg2+ 93. Kh4 Re2 94. Ra7+ Kg8 95. Ba1 Re4+ 96. Kg3 Nd4 1/2-1/2

[Event "WJCC U20 Open 2019"]
[Site "New Delhi"]
[Date "2019.10.25"]
[Round "11.27"]
[White "Aronyak Ghosh"]
[Black "Doluweera, Minul Sanjula"]
[Result "1/2-1/2"]
[ECO "A13"]
[WhiteElo "2380"]
[BlackElo "2191"]
[Annotator "RC"]
[PlyCount "94"]
[EventDate "2019.10.15"]
[EventType "swiss"]
[EventCountry "IND"]
[SourceTitle "playchess.com"]
[Source "ChessBase"]
[SourceQuality "1"]
[TimeControl "40/5400+30:1800+30"]

1. c4 e6 2. Nc3 d5 3. e3 Nf6 4. Nf3 c5 5. cxd5 exd5 6. d4 cxd4 7. Nxd4 a6 8. Be2 Nc6 9. O-O Bc5 10. Nxc6 bxc6 11. Qc2 Ba7 12. Rd1 O-O 13. b3 Qd6 14. Ne4 Nxe4 15. Qxe4 Qf6 16. Qb1 d4 17. Bb2 c5 18. Qe4 Bf5 19. Qf3 Qe5 20. Bd3 Bxd3 21. Rxd3 Rad8 22. Rad1 Rd6 23. Qb7 Bb6 24. g3 Rfd8 25. Qxa6 Qe4 26. Qc4 h5 27. h4 Qf5 28. exd4 cxd4 29. Bxd4 Qe4 30. Bxb6 Qxc4 31. bxc4 Rxd3 32. Rxd3 Rxd3 33. a4 Kf8 34. c5 Rc3 35. a5 Ke8 36. a6 Kd7 37. a7 Ra3 38. Kf1 Ra2 39. Ke1 Kc6 40. Kd1 Kb7 41. Kc1 Kc6 42. Kb1 Ra6 43. Kb2 g6 44. Kc2 f5 45. Kd3 Ra4 46. Kc3 Kb5 47. Kb3 Ra1 1/2-1/2